 Dungeon Sprint DCSS version 0.17-a0-1504-gb7d9117 (webtiles) character file.

1195 nuthulu the Fighter (level 8, -6/64 HPs)
             Began as a Gargoyle Fighter on July 8, 2015.
             Was a Believer of Okawaru.
             Mangled by a centaur warrior (9 damage)
             ... in the Dungeon (Sprint IX: "|||||||||||||||||||||||||||||").
             The game lasted 00:01:21 (584 turns).

nuthulu the Fighter (Gargoyle Fighter)               Turns: 584, Time: 00:01:21

Health: -6/64      AC: 18    Str: 24    XL:     8   Next: 44%
Magic:  8/8        EV:  5    Int: 10    God:    Okawaru [**....]
Gold:   0          SH:  9    Dex:  9    Spells: 0 memorised, 7 levels left

rFire  . . .     SeeInvis .     a - +0 flail
rCold  . . .     Clarity  .     q - +1 chain mail
rNeg   + . .     SustAt   .     c - +0 shield
rPois  ∞         Gourm    .     p - +0 helmet
rElec  +         Spirit   .     (no cloak)
rCorr  .         Warding  .     (no gloves)
rMut   .         NoTele   +     (no boots)
MR     .....                    (no amulet)
Stlth  ..........               s - +3 ring of strength
                                r - +2 ring of protection

@: not resistant to hostile enchantments, extremely unstealthy
A: negative energy resistance 1, electricity resistance, unbreathing,
petrification resistance, rot immunity, AC +5
a: Heroism, Renounce Religion


You were in the Dungeon.
You worshipped Okawaru.
Okawaru was pleased with you.
You were not hungry.

You visited 1 branch

Inventory:

Hand weapons
 a - a +0 flail (weapon)
Armour
 b - a +0 scale mail
 c - a +0 shield (worn)
 p - a +0 helmet (worn)
 q - a +1 chain mail (worn)
Jewellery
 r - a +2 ring of protection (left hand)
 s - a +3 ring of strength (right hand)
Magical devices
 o - a wand of draining (7)
Scrolls
 k - 2 scrolls of blinking
 m - 3 scrolls of remove curse
 n - 2 scrolls of amnesia
Potions
 d - a potion of might
 f - 5 potions of curing
 g - 3 potions of heal wounds
 h - a potion of haste
 i - 4 potions of magic
 l - a potion of invisibility
Comestibles
 e - a bread ration


   Skills:
 + Level 13.8 Fighting
 + Level 12.5 Maces & Flails
 - Level 3.6 Armour
 - Level 3.4 Shields


You had 7 spell levels left.
You didn't know any spells.

Dungeon Overview and Level Annotations

Branches:
Dungeon (1/1)

Altars:
Cheibriados
Dithmenos
Elyvilon
Fedhas
Gozag
Kikubaaqudgha
Makhleb
Nemelex Xobeh
Okawaru
Qazlal
Ru
Sif Muna
Trog
Vehumet
Xom
Yredelemnul
Zin
The Shining One
Beogh
Jiyva
Lugonu


Innate Abilities, Weirdness & Mutations

You are resistant to torment.
Your stone body is resilient (AC +5).
You are immune to poison.
You resist negative energy.
You are resistant to electric shocks.
You can survive without breathing.
You are immune to petrification.
You are immune to rotting.


Message History

You hit the cyclops.
You kill the cyclops!
Okawaru is honoured by your kill.
Your Maces & Flails skill increases to level 12!
You have reached level 8!
You feel clever.
You sock the centaur warrior!
The centaur warrior is moderately wounded.
You block the centaur warrior's attack.
The centaur warrior hits you but does no damage.
You barely miss the centaur warrior.
The centaur warrior is moderately wounded.
You block the centaur warrior's attack.
You completely miss the centaur warrior.
The centaur warrior is moderately wounded.
The centaur warrior hits you but does no damage.
You hit the centaur warrior.
The centaur warrior is moderately wounded.
The centaur warrior hits you!
You die... ▓▓▓▓▓▓▓▓▓▓▓▓▓▓▓▓▓▓▓▓▓▓▓▓ +...lac@....))'(...[)|.. ▓▓▓▓▓▓▓▓▓▓▓▓▓▓▓▓▓▓▓▓▓▓▓▓

You could see a centaur warrior, a wyvern and a worker ant.

Vanquished Creatures
  A cyclops (D)
  A slime creature (D)
  A wyvern (D)
  An ice beast (D)
  An orc warrior (D)
  3 centaurs (D)
  An orc wizard (D)
  A gnoll (D)
  A shadow imp (D)
  An orc (D)
  A hobgoblin (D)
  A quokka (D)
  3 bats (D)
  A jackal (D)
  A rat (D)
19 creatures vanquished.

Notes
Turn   | Place    | Note
--------------------------------------------------------------
     0 | D        | nuthulu the Gargoyle Fighter began the quest for the Orb.
     0 | D        | Reached XP level 1. HP: 14/14 MP: 1/1
    14 | D        | Reached skill level 4 in Fighting
    88 | D        | Noticed an ice beast
    88 | D        | Noticed a centaur
    88 | D        | Noticed a centaur
    93 | D        | Reached skill level 5 in Fighting
    93 | D        | Reached XP level 2. HP: 17/21 MP: 2/2
    99 | D        | Killed a centaur
    99 | D        | Reached skill level 7 in Fighting
    99 | D        | Reached XP level 3. HP: 15/28 MP: 3/3
    99 | D        | Reached XP level 4. HP: 18/34 MP: 4/4
   108 | D        | Killed a centaur
   108 | D        | Reached skill level 8 in Fighting
   108 | D        | Reached XP level 5. HP: 21/40 MP: 5/5
   116 | D        | Killed an ice beast
   116 | D        | Reached skill level 10 in Fighting
   116 | D        | Reached XP level 6. HP: 26/48 MP: 6/6
   168 | D        | Found a glowing silver altar of Zin.
   168 | D        | Found a glowing golden altar of the Shining One.
   168 | D        | Found an ancient bone altar of Kikubaaqudgha.
   168 | D        | Found a basalt altar of Yredelemnul.
   168 | D        | Found a shimmering altar of Xom.
   168 | D        | Found a radiant altar of Vehumet.
   171 | D        | Found an iron altar of Okawaru.
   172 | D        | Found a burning altar of Makhleb.
   173 | D        | Found a deep blue altar of Sif Muna.
   190 | D        | Found a bloodstained altar of Trog.
   191 | D        | Found a sparkling altar of Nemelex Xobeh.
   192 | D        | Found a white marble altar of Elyvilon.
   193 | D        | Found a roughly hewn altar of Beogh.
   194 | D        | Found a viscous altar of Jiyva.
   195 | D        | Became a worshipper of Warmaster Okawaru
   230 | D        | Found a corrupted altar of Lugonu.
   231 | D        | Found a blossoming altar of Fedhas.
   232 | D        | Found a snail-covered altar of Cheibriados.
   287 | D        | Found a shadowy altar of Dithmenos.
   288 | D        | Found a stormy altar of Qazlal.
   289 | D        | Found an opulent altar of Gozag.
   290 | D        | Found a sacrificial altar of Ru.
   355 | D        | Noticed an orc wizard
   355 | D        | Noticed a wyvern
   355 | D        | Noticed a centaur
   363 | D        | Killed a centaur
   375 | D        | Killed a wyvern
   375 | D        | Reached skill level 11 in Fighting
   375 | D        | Reached skill level 10 in Maces & Flails
   375 | D        | Reached XP level 7. HP: 24/55 MP: 7/7
   382 | D        | Killed an orc wizard
   544 | D        | Noticed a wyvern
   544 | D        | Noticed a centaur warrior
   544 | D        | Noticed a cyclops
   544 | D        | Noticed a worker ant
   544 | D        | Noticed an orc warrior
   544 | D        | Noticed a slime creature
   558 | D        | Killed a slime creature
   558 | D        | Acquired Okawaru's first power
   558 | D        | Reached skill level 12 in Fighting
   571 | D        | Killed an orc warrior
   571 | D        | Reached skill level 13 in Fighting
   576 | D        | HP: 2/57 [cyclops (12)]
   580 | D        | Killed a cyclops
   580 | D        | Reached XP level 8. HP: 2/64 MP: 8/8
   584 | D        | Mangled by a centaur warrior

Vault maps used:
D:        linesprint

Action                   |  1- 3 |  4- 6 |  7- 9 || total
-------------------------+-------+-------+-------++-------
Melee: Flail             |    19 |    32 |    46 ||    97
  Use: Potion            |       |     1 |       ||     1
